 Dungeon Crawl Stone Soup version 0.27.0-1-g7a089689b8 (webtiles) character file.

Game seed: 6360573623117982315

16 Sabo the Covered (level 2, 27/27 HPs)
             Began as a Minotaur Fighter on Aug 15, 2021.
             Was a Follower of Jiyva.
             Got out of the dungeon alive.
             The game lasted 00:05:31 (1003 turns).

Sabo the Covered (Minotaur Fighter)                 Turns: 1003, Time: 00:05:32

Health: 27/27      AC:  7    Str: 20    XL:     2   Next: 41%
Magic:  1/1        EV:  7    Int:  5    God:    Jiyva [*.....]
Gold:   0          SH:  9    Dex:  9    Spells: 1/1 levels left

rFire    . . .     SeeInvis .   a - +0 war axe
rCold    . . .     Faith    .   c - +0 kite shield
rNeg     . . .     Spirit   .   b - +0 scale mail
rPois    .         Reflect  .   (helmet restricted)
rElec    .         Harm     .   (no cloak)
rCorr    .         Rampage  .   (no gloves)
Will     .....                  (no boots)
Stlth    ..........             (no amulet)
HPRegen  0.09/turn              (no ring)
MPRegen  0.07/turn              (no ring)

@: no status effects
A: horns 2, retaliatory headbutt
a: Renounce Religion, Request Jelly


You escaped.
You worshipped Jiyva.
Jiyva was aware of your devotion.
You visited 1 branch of the dungeon, and saw 1 of its levels.

Inventory:

Hand Weapons
 a - a +0 war axe (weapon)
Armour
 b - a +0 scale mail (worn)
 c - a +0 kite shield (worn)
Scrolls
 g - 2 scrolls of identify {unknown}
 h - a scroll of noise {unknown}
Potions
 d - a potion of might
 e - a potion of haste {unknown}
 f - a potion of curing {unknown}
 i - a potion of cancellation {unknown}


   Skills:
 + Level 3.9 Fighting
 + Level 2.8 Axes
 + Level 4.0 Armour
 + Level 3.8 Shields


You had one spell level left.
You didn't know any spells.
Your spell library contained the following spells:

 Spells                   Type           Power      Damage    Failure   Level
 Static Discharge         Conj/Air       0%         N/A       100%        2
 Dispel Undead            Necr           0%         3d6       100%        4
 Hailstorm                Conj/Ice       0%         3d3       100%        4
 Ice Form                 Ice/Tmut       0%         N/A       100%        4
 Sticky Flame             Conj/Fire      0%         2d3       100%        4
 Simulacrum               Ice/Necr       0%         N/A       100%        6


Dungeon Overview and Level Annotations

Branches:
Dungeon (1/15)

Altars:
Jiyva


Innate Abilities, Weirdness & Mutations

You have a pair of horns on your head.
You reflexively headbutt those who attack you in melee.


Message History

Found a spear.
You hear a distant slurping noise.
You hear a distant slurping noise.
You hear a distant slurping noise.
Jiyva appreciates your sacrifice.
A frilled lizard comes into view.
The frilled lizard hisses angrily.
You closely miss the frilled lizard. You block the frilled lizard's attack.
You barely miss the frilled lizard.
Your headbutt misses the frilled lizard.
You block the frilled lizard's attack.
The frilled lizard bites you but does no damage.
You hit the frilled lizard.
You kill the frilled lizard!
You see here a frilled lizard corpse.
Found an escape hatch in the floor.
You hear a distant slurping noise.
Found a fuming ruby potion.
i - a fuming ruby potion A kobold comes into view.
It is wielding a +0 club.
The kobold shouts!
You hear a distant slurping noise.
Jiyva appreciates your sacrifice.
You hit the kobold. You headbutt the kobold.
You kill the kobold!
You see here a +0 club.
You hear a distant slurping noise.
Jiyva appreciates your sacrifice.
You hear a distant slurping noise.
A hobgoblin comes into view.
The hobgoblin shouts!
The hobgoblin closely misses you.
You closely miss the hobgoblin. The hobgoblin barely misses you.
You slash the hobgoblin!
You kill the hobgoblin!
Your Armour skill increases to level 4!
You swap places.
Okay, then.
There is a staircase leading out of the dungeon here.
Are you sure you want to leave the Dungeon?
This will make you lose the game!
You have escaped!

#.....#.####.####......
#..#..............#.##.
###..##########.#####....
#.....# #######.#####.##.
#.#...# #...#...#........
#.###.###.#.#.###.###....
#.....#...#...#.....#.###
####..#.#####.#.###.#....
#..#.@# #...#.#.#.###
#..#.## #####.#.#...#
#..#.# #...#.#.#.#
#..##### #.###.#.#..
#..#...# #.....#.#..
#..#.#.#######.###.#..
##.#.#.....#...# #....
#.#.###.###.### #####
#.#.#.....#...#


There were no monsters in sight!

Vanquished Creatures
  A ball python (D:1)
  An endoplasm (D:1)
  4 hobgoblins (D:1)
  2 kobolds (D:1)
  A quokka (D:1)
  2 bats (D:1)
  2 frilled lizards (D:1)
  A rat (D:1)
14 creatures vanquished.

Vanquished Creatures (others)
  2 withered plants (D:1)
2 creatures vanquished.

Grand Total: 16 creatures vanquished

Notes
Turn   | Place    | Note
-------+----------+-------------------------------------------
     0 | D:1      | Sabo the Minotaur Fighter began the quest for the Orb.
     0 | D:1      | Reached XP level 1. HP: 19/19 MP: 0/0
   588 | D:1      | Reached XP level 2. HP: 26/27 MP: 1/1
   598 | D:1      | Found a faded altar of an unknown god.
   634 | D:1      | Became a worshipper of Jiyva Joap the Shapeless
   634 | D:1      | Reached * piety under Jiyva
   945 | D:1      | Reached skill level 4 in Armour
  1003 | D:$      | Got out of the dungeon alive.

Illustrated notes

Levels and vault maps discovered:
D:1:      elethiomel_arrival_maze, layout_basic,
          ebering_ecumenical_altar_petrified

Skill      XL: |  1  2 |
---------------+-------+-----
Armour         | 4 |  4.0
Fighting       | |  3.9
Axes           | |  2.8
Shields        | |  3.8

Action                   || total
-------------------------++-------
Melee: War axe           ||    29
       Headbutt          ||     4
Armor: Scale mail        ||     9
Dodge: Dodged            ||    13
Block: Kite shield       ||    15
